 Dungeon Crawl Stone Soup version 0.19-a0-347-g6bb00b2 (webtiles) character file.

7129 Leszczynek the Cleaver (level 11, -1/103 HPs)
             Began as a Naga Gladiator on May 29, 2016.
             Was a Believer of Trog.
             Slain by an orc warrior
             ... wielding a +0 glaive
             ... led by an orc knight
              (29 damage)
             ... on level 1 of the Orcish Mines.
             The game lasted 00:26:51 (10023 turns).

Leszczynek the Cleaver (Naga Gladiator)            Turns: 10023, Time: 00:26:52

Health: -1/103     AC: 15    Str: 21    XL:     11   Next: 10%
Magic:  11/11      EV:  6    Int:  8    God:    Trog [**....]
Gold:   416        SH:  0    Dex: 12    Spells: 0 memorised, 10 levels left

rFire  . . .     SeeInvis +     a - +0 war axe (freeze)
rCold  . . .     Gourm    .     v - +3 chain mail
rNeg   . . .     Faith    .     (no shield)
rPois  +         Spirit   .     c - +1 helmet
rElec  .         Dismiss  .     (no cloak)
rCorr  .         Reflect  .     g - +2 pair of gloves
SustAt .         Harm     .     (no barding)
MR     +....                    (no amulet)
Stlth  ..........               (no ring)
                                (no ring)

@: exhausted, about to teleport, marked, slowed, very slow, somewhat resistant
to hostile enchantments, extremely unstealthy
A: see invisible, deformed body, poison resistance, slowness 2, slow metabolism
1, spit poison 2, AC +3
a: Spit Poison, Berserk, Trog's Hand, Burn Spellbooks, Renounce Religion


You were on level 1 of the Orcish Mines.
You worshipped Trog.
Trog was pleased with you.
You were hungry.

You visited 3 branches of the dungeon, and saw 11 of its levels.
You also visited: Ossuary.

You collected 982 gold pieces.
You spent 566 gold pieces at shops.

Inventory:

Hand Weapons
 a - a +0 war axe of freezing (weapon)
 b - a +0 hand crossbow
 G - a +1 war axe
Missiles
 d - 5 throwing nets
 e - 39 poisoned needles
 s - 9 tomahawks (quivered)
 x - 28 bolts
 D - 8 javelins
Armour
 c - a +1 helmet (worn)
 g - a +2 pair of gloves (worn)
 t - a +1 robe of magic resistance
 v - a +3 chain mail (worn)
 F - a +1 robe of cold resistance
Rods
 r - a +0 rod of inaccuracy (12/12)
   (You found it on level 7 of the Dungeon)
Jewellery
 l - an uncursed ring of ice
Scrolls
 i - 7 scrolls of remove curse
 j - a scroll of magic mapping
 o - a scroll of identify
 q - 3 scrolls of fog
 y - a scroll of immolation
Potions
 k - 5 potions of might
 n - 2 potions of heal wounds
 p - 2 potions of resistance
 u - 4 potions of curing
 w - a potion of ambrosia
 z - 2 potions of cancellation
Books
 C - a book of Geomancy

   Spells                             Type                      Level
   a - Sandblast                      Earth                        1
   b - Passwall                       Transmutation/Earth          2
   c - Stone Arrow                    Conjuration/Earth            3
   d - Petrify                        Transmutation/Earth          4
   e - Lee's Rapid Deconstruction     Earth                        5
   Trog disapproves of the use of such an item.
Comestibles
 f - 8 bread rations
 h - 7 meat rations
 A - 6 beef jerkies
 B - 6 slices of pizza
 E - 9 chunks of flesh


   Skills:
 - Level 8.2 Fighting
 - Level 13.8 Axes
 * Level 6.3 Throwing
 - Level 2.4 Dodging
 - Level 3.1 Stealth


You had 10 spell levels left.
You didn't know any spells.

Dungeon Overview and Level Annotations

Branches:
Dungeon (9/15)             Temple (1/1) D:7             Orc (1/2) D:9
   Lair: D:8-11

Altars:
Ashenzari
Fedhas
Kikubaaqudgha
Makhleb
Trog
Xom
Zin
The Shining One

Shops:
D:5 [   D:6 *   D:8 ![*(   D:9 }

Annotations:
D:5 a deep water vault, check it out later maybe


Innate Abilities, Weirdness & Mutations

You cannot wear boots.
Your serpentine skin is tough (AC +3).
You have supernaturally acute eyesight. (SInv)
Armour fits poorly on your strangely shaped body.
Your system is resistant to poisons. (rPois)
You cover ground very slowly.
You have a slow metabolism.
You can spit poison.


Message History

The orc warrior is moderately wounded.
You slash the orc warrior! You freeze the orc warrior.
The orc warrior is moderately wounded.
The orc sorcerer moves out of view.
Unknown command.
You barely miss the orc warrior.
The orc warrior is moderately wounded.
You barely miss the orc warrior.
The orc warrior is moderately wounded.
You are no longer berserk.
You are exhausted.
You feel yourself slow down.
You are feeling hungry.
Unknown command.
Unknown command.
Read which item? (? for menu, Esc to quit)
As you read the scroll of teleportation, it crumbles to dust.
You feel strangely unstable. The orc warrior barely misses you.
The orc warrior hits you with a glaive!!
You die...

##....#....####..
##...........###..
##.#..##>#...##....
#.....####........#
#.#...####......##
###.o....# #....###
##.##oo...###...##
##...oooo...#...##
##.#..@###...#..##
#.....#.##......#
#....#####.O....#
####..####......#
#.....#.O....#
###.......#o##
#.......#o.o...
##......##..o..
###...##..>...


You could see 4 orc warriors, an orc wizard and 2 orcs.

Vanquished Creatures
  Erolcha (D:8)
  Pikel (D:6)
  An orc knight (Orc:1)
  2 orc sorcerers (Orc:1)
  2 trolls
  A two-headed ogre (Orc:1)
  A human (D:7)
  A yak (D:7)
  A warg (Orc:1)
  A water moccasin (D:8)
  A slave (D:6)
  4 orc warriors
  2 sky beasts
  6 ogres
  2 black bears
  2 phantoms
  A necrophage (D:6)
  2 centaurs
  A big kobold (D:7)
  3 giant frogs
  2 scorpions
  2 howler monkeys (D:8)
  3 crimson imps
  A centaur zombie (D:7)
  A quasit (D:7)
  5 hounds
  4 orc priests
  A jelly (D:9)
  4 orc wizards
  3 giant frog skeletons
  3 iguanas
  4 worker ants
  A killer bee zombie (D:8)
  3 sheep (D:7)
  A hound zombie (D:8)
  A hound skeleton (D:7)
  8 mummies (Ossuary)
  11 gnolls
  8 adders
  2 shadow imps
  An ooze (D:2)
  3 adder skeletons
  2 worms
  2 dart slugs (D:1)
  4 giant geckos
  34 orcs
  8 bats
  6 giant cockroaches
  9 hobgoblins
  15 jackals
  7 quokkas
  5 ball pythons
  7 giant newts
  2 gnoll zombies (Ossuary)
  4 goblins
  8 kobolds
  4 kobold zombies (Ossuary)
  2 orc zombies (Ossuary)
  5 rats
232 creatures vanquished.

Notes
Turn   | Place    | Note
--------------------------------------------------------------
     0 | D:1      | Leszczynek the Naga Gladiator began the quest for the Orb.
     0 | D:1      | Reached XP level 1. HP: 19/19 MP: 1/1
    42 | D:1      | Reached skill level 1 in Stealth
   177 | D:1      | Reached XP level 2. HP: 25/26 MP: 2/2
   683 | D:1      | Reached XP level 3. HP: 31/32 MP: 3/3
   893 | D:2      | Reached skill level 4 in Axes
  1011 | D:2      | Found a glowing golden altar of the Shining One.
  1011 | D:2      | Found a burning altar of Makhleb.
  1125 | D:2      | Reached XP level 4. HP: 39/39 MP: 4/4
  1220 | D:2      | Found a burning altar of Makhleb.
  2134 | D:4      | Reached skill level 12 in Axes
  2134 | D:4      | Reached XP level 5. HP: 18/45 MP: 5/5
  2140 | D:4      | HP: 1/45 [gnoll/spear (6)]
  2142 | D:4      | Reached XP level 6. HP: 1/52 MP: 6/6
  3071 | D:5      | Entered Level 5 of the Dungeon
  3200 | D:5      | Found Otygocw's Armour Emporium.
  3209 | D:5      | Bought a +2 pair of gloves for 165 gold pieces
  3406 | D:5      | Reached XP level 7. HP: 61/62 MP: 7/7
  4230 | D:6      | Reached skill level 5 in Fighting
  4257 | D:6      | Found Xud Mej's General Store.
  4267 | D:6      | Noticed a troll
  4279 | D:6      | Killed a troll
  4279 | D:6      | Reached XP level 8. HP: 13/76 MP: 8/8
  5256 | D:6      | Found a bloodstained altar of Trog.
  5733 | D:6      | Noticed Pikel
  5871 | D:6      | Became a worshipper of Trog the Wrathful
  5872 | D:6      | can't wait for anything fancy
  5929 | D:6      | Killed Pikel
  5929 | D:6      | Reached XP level 9. HP: 85/88 MP: 9/9
  6099 | D:6      | Bought a scroll of identify for 26 gold pieces
  6099 | D:6      | Bought a scroll of fog for 26 gold pieces
  6099 | D:6      | Bought a scroll of fog for 26 gold pieces
  6266 | D:7      | Identified a +0 rod of inaccuracy (12/12) (You found it on level 7 of the Dungeon)
  6347 | D:7      | Found a sand-covered staircase.
  6357 | Ossuary  | Entered an ossuary
  6912 | D:7      | Found a glowing silver altar of Zin.
  6914 | D:7      | Noticed an angel
  7153 | D:7      | Found a staircase to the Ecumenical Temple.
  7162 | Temple   | Entered the Ecumenical Temple
  7337 | D:7      | Found a shimmering altar of Xom.
  7837 | D:8      | Reached skill level 13 in Axes
  7914 | D:8      | Reached * piety under Trog
  7914 | D:8      | Reached XP level 10. HP: 91/96 MP: 10/10
  7927 | D:8      | Found Hoodoxtu's Weapon Emporium.
  7930 | D:8      | Found an ancient bone altar of Kikubaaqudgha.
  7933 | D:8      | Bought a +0 hand crossbow for 42 gold pieces
  8198 | D:8      | Found Onnaj's Assorted Antiques.
  8220 | D:8      | Bought a scroll labeled HUOFFI YRGHE for 32 gold pieces
  8220 | D:8      | Bought a scroll labeled HUOFFI YRGHE for 32 gold pieces
  8255 | D:8      | Found a blossoming altar of Fedhas.
  8263 | D:8      | Noticed Erolcha
  8317 | D:8      | Killed Erolcha
  8411 | D:8      | Found a shattered altar of Ashenzari.
  8425 | D:8      | Found Xipn's Distillery.
  8443 | D:8      | Found Motyu's Antique Armour Shoppe.
  8450 | D:8      | Bought a dazzling leather armour for 217 gold pieces
  8450 | D:8      | Identified the +1 leather armour of the Hills {-Cast rElec Stlth+} (You bought it in a shop on level 8 of the Dungeon)
  8944 | D:9      | Found Ofoitoiz's Gadget Shoppe.
  9261 | D:9      | Reached ** piety under Trog
  9683 | D:9      | Found a staircase to the Orcish Mines.
  9688 | Orc:1    | Entered Level 1 of the Orcish Mines
  9732 | Orc:1    | Noticed an orc sorcerer
  9736 | Orc:1    | Killed an orc sorcerer
  9988 | Orc:1    | WOW
  9988 | Orc:1    | THANKS
  9989 | Orc:1    | Noticed an orc knight
  9990 | Orc:1    | Noticed an orc sorcerer
  9997 | Orc:1    | Reached skill level 5 in Throwing
 10007 | Orc:1    | Killed an orc sorcerer
 10007 | Orc:1    | Reached XP level 11. HP: 89/103 MP: 11/11
 10018 | Orc:1    | Killed an orc knight
 10020 | Orc:1    | Noticed an orc sorcerer
 10023 | Orc:1    | Slain by an orc warrior

Vault maps used:
D:1:      dpeg_arrival_rooms_a
D:2:      gammafunk_temple_overflow_statue, bloody_makhleb
D:4:      nicolae_overflow_hidden_temple
D:5:      serial_shops, shop, first_bread, water_maze_lemuel
D:6:      lightli_temple_of_fire, serial_shops, nicolae_shop_waterfront,
          kennysheep_small_circle, uniq_pikel
D:7:      grunt_temple_overflow_order_and_chaos_1, minmay_temple_entry_poolview,
          chequers_ossuary_entry_cave, grunt_livestock
D:8:      lemuel_crystal_altar, fedhas_altar_2, serial_shops, shop,
          kennysheep_little_box, shop_fountains, shop, ashenzari_altar_1,
          uniq_erolcha
D:9:      hiddenorc1_lemuel, serial_shops, shop
Temple:   minmay_temple_curvy_14
Ossuary:  ossuary_tomb_3

Skill      XL: |  1  2  3  4  5  6  7  8  9 10 11 |
---------------+----------------------------------+-----
Stealth        | 1 2 3 |  3.1
Axes           | 4 12 13 | 13.8
Fighting       | 3 5 8 |  8.2
Throwing       | 5 6 |  6.3
Dodging        | |  2.4

Action                   |  1- 3 |  4- 6 |  7- 9 | 10-12 || total
-------------------------+-------+-------+-------+-------++-------
Melee: War axe           |    71 |   117 |   331 |   166 ||   685
 Fire: Hand crossbow     |       |       |       |     2 ||     2
Throw: Tomahawk          |       |       |       |     5 ||     5
Invok: Berserk           |       |       |       |     6 ||     6
 Abil: Spit Poison       |     1 |     7 |    14 |     2 ||    24
Evoke: Wand              |       |     3 |       |       ||     3
       Rod               |       |       |     4 |       ||     4
  Use: Scroll            |     1 |     7 |     8 |     6 ||    22
       Potion            |       |     2 |     5 |     1 ||     8
 Stab: Sleeping          |     6 |     4 |     3 |       ||    13
       Distracted        |       |       |       |     1 ||     1
  Eat: Chunk             |       |     6 |    14 |    10 ||    30
       Pizza             |       |       |       |     1 ||     1
Armor: Leather armour    |    32 |    22 |       |       ||    54
       Ring mail         |       |    25 |   135 |     8 ||   168
       Chain mail        |       |       |       |    42 ||    42
       Robe              |       |       |       |     6 ||     6
Dodge: Dodged            |    51 |    60 |   166 |    63 ||   340
